 Dungeon Crawl Stone Soup version 0.20-a0-1122-gb7cbeb9 (webtiles) character file.

525 anfisbena the Skirmisher (level 7, -6/39 HPs)
             Began as a Vine Stalker Fighter on May 14, 2017.
             Killed from afar by CypherZel's ghost (8 damage)
             ... with a magic dart
             ... on level 4 of the Dungeon.
             The game lasted 00:07:35 (2767 turns).

anfisbena the Skirmisher (Vine Stalker Fighter)     Turns: 2767, Time: 00:07:36

Health: -6/39      AC:  7    Str: 24    XL:     7   Next: 22%
Magic:  0/8        EV:  7    Int:  8    God:
Gold:   136        SH:  9    Dex: 15    Spells: 6/6 levels left

rFire    . . .     SeeInvis .   a - +0 long sword
rCold    . . .     Gourm    .   c - +0 shield
rNeg     . . .     Faith    .   b - +0 scale mail
rPois    .         Spirit   +   m - +0 helmet
rElec    .         Reflect  .   (no cloak)
rCorr    .         Harm     .   (no gloves)
MR       .....                  (no boots)
Stlth    ..........             (no amulet)
Regen    0.6/turn               (no ring)
MPRegen  0.2/turn               (no ring)

@: mighty, starving, drained
A: fangs 2, regeneration 1, magic shield, antimagic bite, no potion heal 3, rot
immunity
a: no special abilities


You were on level 4 of the Dungeon.
You were starving.

You visited 1 branch of the dungeon, and saw 4 of its levels.
You also visited: Ossuary.

You collected 136 gold pieces.

Inventory:

Hand Weapons
 a - a +0 long sword (weapon)
Armour
 b - a +0 scale mail (worn)
 c - a +0 shield (worn)
 m - a +0 helmet (worn)
Wands
 u - a wand of polymorph (13/24)
Scrolls
 i - 7 scrolls of identify {unknown}
 j - 5 scrolls of teleportation {unknown}
 o - 3 scrolls of fog {unknown}
 q - a scroll of remove curse {unknown}
 r - 4 scrolls of amnesia {unknown}
 s - a scroll of enchant armour {unknown}
Potions
 e - a potion of cancellation {unknown}
 k - a potion of brilliance {unknown}
 l - 2 potions of berserk rage {unknown}
 n - 2 potions of curing {unknown}
 p - 2 potions of invisibility {unknown}
 t - a potion of magic {unknown}
 v - 3 potions of heal wounds {unknown}
Comestibles
 f - 3 bread rations
 g - 2 meat rations
 h - a royal jelly


   Skills:
 + Level 5.4(5.3) Fighting
 + Level 5.1(4.9) Long Blades
 - Level 2.4(2.2) Armour
 - Level 2.6(2.5) Shields


You had 6 spell levels left.
You didn't know any spells.

Dungeon Overview and Level Annotations

Branches:
Dungeon (4/15)
 Temple: D:4-7

Altars:
Vehumet

Annotations:
D:4 CypherZel's ghost, amateur FeCj


Innate Abilities, Weirdness & Mutations

You have extremely sharp teeth.
Your natural rate of healing is unusually fast.
When hurt, damage is shared between your health and your magic reserves.
Your bite disrupts and absorbs the magic of your enemies.
Potions cannot restore your health.
You are immune to rotting.


Message History

* * * LOW HITPOINT WARNING * * *
You closely miss CypherZel's ghost. Your bite misses CypherZel's ghost.
CypherZel's ghost is severely damaged.
CypherZel's ghost stares at you and mumbles some strange words.
The magic dart hits you!
* * * LOW HITPOINT WARNING * * *
You bump into the stone wall.
CypherZel's ghost stares at you and mumbles some strange words.
The magic dart hits you!
* * * LOW HITPOINT WARNING * * *
You closely miss CypherZel's ghost. Your bite misses CypherZel's ghost.
CypherZel's ghost is severely damaged.
CypherZel's ghost hits you.
* * * LOW HITPOINT WARNING * * *
You slash CypherZel's ghost!
CypherZel's ghost is almost destroyed.
You feel less confused. CypherZel's ghost casts a spell at you.
The magic dart hits you!
You die...

........................
.............$..####..##
....................#.
................### . .
................# ## .
................# #.
...............## #.
###.###W###...... #. #@#
...... #. ### ..#... .
####


You could see CypherZel's ghost.

Vanquished Creatures
  The ghost of anfisbena the Skirmisher, an amateur VSFi (D:3)
  A vampire bat (D:3)
  An orc priest (D:4)
  A worker ant (D:3)
  4 big kobold zombies (Ossuary)
  2 mummies
  3 adders
  3 oozes
  A worm (D:2)
  3 dart slugs
  3 fire bats (D:3)
  3 leopard geckos
  4 orcs
  7 spectral bats
  3 ball pythons
  17 bats
  3 bat skeletons (D:3)
  A bat zombie (D:3)
  3 giant cockroaches
  8 gnoll zombies (Ossuary)
  12 goblins
  6 hobgoblins
  2 jackals (D:2)
  9 kobolds
  3 quokkas (D:3)
  7 bat simulacra
  4 frilled lizards
  A goblin simulacrum (Ossuary)
  4 goblin zombies (Ossuary)
  4 hobgoblin zombies (Ossuary)
  5 kobold simulacra (Ossuary)
  4 kobold zombies (Ossuary)
  A leopard gecko skeleton (D:4)
  6 orc zombies (Ossuary)
  4 rats
  3 rat simulacra (Ossuary)
  6 spectral goblins (Ossuary)
  2 spectral kobolds (Ossuary)
  3 spectral rats (Ossuary)
158 creatures vanquished.

Notes
Turn   | Place    | Note
-------+----------+-------------------------------------------
     0 | D:1      | anfisbena the Vine Stalker Fighter began the quest for the Orb.
     0 | D:1      | Reached XP level 1. HP: 11/11 MP: 2/2
    74 | D:1      | Reached XP level 2. HP: 16/16 MP: 3/3
   723 | D:1      | Reached XP level 3. HP: 20/20 MP: 4/4
  1099 | D:2      | Found a radiant altar of Vehumet.
  1222 | D:2      | Gained mutation: Your natural rate of healing is unusually fast. [Vine Stalker growth]
  1222 | D:2      | Reached XP level 4. HP: 24/24 MP: 5/5
  1710 | D:3      | Noticed anfisbena's ghost (amateur VSFi)
  1732 | D:3      | Killed anfisbena's ghost
  1732 | D:3      | Reached XP level 5. HP: 13/29 MP: 4/6
  1964 | D:3      | Reached XP level 6. HP: 34/34 MP: 7/7
  2280 | D:4      | Reached skill level 5 in Fighting
  2288 | D:4      | Noticed CypherZel's ghost (amateur FeCj)
  2289 | D:4      | Found a sand-covered staircase.
  2298 | Ossuary  | Entered an ossuary
  2462 | Ossuary  | Reached XP level 7. HP: 35/39 MP: 6/8
  2470 | Ossuary  | Reached skill level 5 in Long Blades
  2767 | D:4      | Killed from afar by CypherZel's ghost

Vault maps used:
D:1:      dpeg_arrival_pits, bh_walls_and_bars
D:2:      vehumet_crystals, st_stairs_1
D:3:      goddamned_bats
D:4:      nicolae_ossuary_entry_giza, elyvilon_altar_5
Ossuary:  ossuary_zaba_two_paths

Skill      XL: |  1  2  3  4  5  6  7 |
---------------+----------------------+-----
Long Blades    | 2 3 4 5 |  5.1
Fighting       | 3 4 5 |  5.4
Armour         | |  2.4
Shields        | |  2.6

Action                   |  1- 3 |  4- 6 |  7- 9 || total
-------------------------+-------+-------+-------++-------
Melee: Long sword        |    91 |   221 |    88 ||   400
       Bite              |    26 |    75 |    31 ||   132
  Use: Potion            |       |       |     1 ||     1
  Eat: Chunk             |     1 |     4 |       ||     5
Armor: Scale mail        |    34 |   140 |    35 ||   209
Dodge: Dodged            |    29 |    98 |    12 ||   139
Block: Shield            |    46 |   137 |    37 ||   220
       Rpst.: Long sword |    10 |    32 |     6 ||    48
